 Dungeon Crawl Stone Soup version 0.28-a0-1234-g826d19b2e0 (webtiles) character file.

Game seed: 18151702826497389577

37 dr0g0th the Frost Mage (level 3, -3/28 HPs)
             Began as a Gnoll Wanderer on Dec 23, 2021.
             Was an Initiate of Sif Muna.
             Slain by a gnoll (8 damage)
             ... on level 2 of the Dungeon.
             The game lasted 00:02:34 (1341 turns).

dr0g0th the Frost Mage (Gnoll Wanderer)             Turns: 1341, Time: 00:02:35

Health: -3/28      AC:  2    Str:  8    XL:     3   Next: 39%
Magic:  6/7        EV: 11    Int: 14    God:    Sif Muna [......]
Gold:   29         SH:  5    Dex: 13    Spells: 6/7 levels left

rFire   . . .      SeeInvis .   a - +2 dagger
rCold   . . .      Faith    .   (no shield)
rNeg    . . .      Spirit   .   d - +0 robe
rPois   .          Reflect  +   (no helmet)
rElec   .          Harm     .   (no cloak)
rCorr   .          Rampage  .   (no gloves)
Will    .....                   (no boots)
Stlth   +++.......              e - amulet of reflection
HPRegen 0.09/turn               g - ring of flight
MPRegen 0.10/turn               (no ring)

@: flying
A: fangs 1, strong nose, distributed training
a: Renounce Religion


You were on level 2 of the Dungeon.
You worshipped Sif Muna.
Sif Muna was noncommittal.
You visited 1 branch of the dungeon, and saw 2 of its levels.

You collected 29 gold pieces.

Inventory:

Hand Weapons
 a - a +2 dagger (weapon)
Armour
 d - a +0 robe (worn)
Jewellery
 e - an amulet of reflection (around neck)
 g - a ring of flight (left hand)
Scrolls
 b - 2 scrolls of blinking
 f - a scroll of teleportation {unknown}
 h - a scroll of enchant armour {unknown}
Potions
 c - a potion of curing


   Skills:
 + Level 2.6 Fighting
 + Level 0.7 Short Blades
 + Level 0.7 Long Blades
 + Level 0.7 Axes
 + Level 0.7 Maces & Flails
 + Level 0.7 Polearms
 + Level 0.7 Staves
 + Level 0.7 Slings
 + Level 0.7 Bows
 + Level 0.7 Crossbows
 + Level 0.7 Throwing
 + Level 0.7 Armour
 + Level 0.7 Dodging
 + Level 6.0 Stealth
 + Level 0.7 Shields
 + Level 0.7 Unarmed Combat
 + Level 2.8 Spellcasting
 + Level 0.5 Conjurations
 + Level 0.5 Hexes
 + Level 0.5 Summonings
 + Level 0.5 Necromancy
 + Level 0.5 Translocations
 + Level 0.5 Transmutations
 + Level 0.5 Fire Magic
 + Level 8.7 Ice Magic
 + Level 0.5 Air Magic
 + Level 0.5 Earth Magic
 + Level 0.5 Poison Magic
 + Level 0.9 Invocations
 + Level 0.7 Evocations


You had 6 spell levels left.
You knew the following spells:

 Your Spells              Type           Power      Damage    Failure   Level
a - Freeze                Ice            100%       1d11      1%          1

Your spell library contained the following spells:

 Spells                   Type           Power      Damage    Failure   Level
 Ozocubu's Armour         Ice            26%        N/A       1%          3
 Animate Skeleton         Necr           6%         N/A       19%         1
 Apportation              Tloc           6%         N/A       19%         1
 Beastly Appendage        Tmut           6%         N/A       19%         1
 Summon Small Mammal      Summ           12%        N/A       19%         1
 Wereblood                Tmut           3%         N/A       26%         2
 Spider Form              Tmut/Pois      3%         N/A       47%         3


Dungeon Overview and Level Annotations

Branches:
Dungeon (2/15)

Altars:
Sif Muna


Innate Abilities, Weirdness & Mutations

You have very sharp teeth.
Your uncanny sense of smell can sniff out nearby items.
Your experience applies equally to all skills.


Message History

You see here 20 stones.
There is a stone staircase leading down here.
You fly downwards.
There is a stone staircase leading up here.
A frilled lizard is nearby!
The helpless frilled lizard fails to defend itself.
You impale the frilled lizard!!
You kill the frilled lizard!
Sif Muna accepts your kill.
No target in view!
No target in view!
A gnoll comes into view. It is wielding a +0 flail.
A gnoll is nearby!
A gnoll is nearby!
A gnoll comes into view. It is wielding a +0 flail.
A gnoll comes into view. It is wielding a +0 club.
The gnoll shouts!
A gnoll comes into view. It is wielding a +0 flail.
Casting: Freeze (safe; 1% risk of failure)
Confirm with . or Enter, or press ? or * to list all spells.
Aiming: Freeze (safe; 1% risk of failure)
Press: ? - help, Shift-Dir - straight line, f - gnoll
Aim: a gnoll, wielding a +0 flail You freeze the gnoll.
The gnoll is heavily wounded.
The gnoll shouts!
The gnoll hits you with a +0 flail! What are your orders? t - Bark!
Orders for allies: a - Attack new target. p - Attack previous target. r - Retreat! s - Stop attacking. g - Guard the area. f - Follow me.
Anything else - Cancel.
Okay, then.
The gnoll hits you with a +0 flail.
There is a stone staircase leading up here.
The gnoll hits you with a +0 flail!
* * * LOW HITPOINT WARNING * * *
The gnoll hits you with a +0 flail!
You die...

##########
#........#
#....g@..#
#....g...# #
#.g......#
#...###..g.....#
...............#
.....##........#
.... #........#
### #........#
##########


You could see 4 gnolls.

Vanquished Creatures
  A dart slug (D:1)
  An endoplasm (D:1)
  3 giant cockroaches (D:1)
  A goblin (D:1)
  4 hobgoblins (D:1)
  3 jackals (D:1)
  6 kobolds (D:1)
  2 quokkas (D:1)
  4 ball pythons (D:1)
  A bat (D:1)
  4 frilled lizards
  3 rats (D:1)
33 creatures vanquished.

Vanquished Creatures (others)
  3 plants (D:1)
3 creatures vanquished.

Grand Total: 36 creatures vanquished

Notes
Turn   | Place    | Note
-------+----------+-------------------------------------------
     0 | D:1      | dr0g0th the Gnoll Wanderer began the quest for the Orb.
     0 | D:1      | dr0g0th set off with the following items: a +2 dagger, a
                  | scroll of blinking, a potion of curing, a +0 robe; and the
                  | following spell memorised: Freeze; and the following spells
                  | available to memorise: Ozocubu's Armour
     0 | D:1      | Reached XP level 1. HP: 17/17 MP: 4/4
   132 | D:1      | Reached XP level 2. HP: 23/23 MP: 2/5
   232 | D:1      | Found a faded altar of an unknown god.
   302 | D:1      | You fall into a shaft and drop 1 floor!
   530 | D:1      | Reached XP level 3. HP: 28/28 MP: 7/7
  1064 | D:1      | Found a shimmering blue altar of Sif Muna.
  1291 | D:1      | Became a worshipper of Sif Muna the Loreminder
  1341 | D:2      | Slain by a gnoll

Illustrated notes

Levels and vault maps discovered:
D:1:      dpeg_arrival_lava_altar, layout_loops_ring, serial_forest,
          infiniplex_forest_clump_cross, infiniplex_forest_3_way,
          infiniplex_forest_end_3, infiniplex_forest_lined_2,
          infiniplex_forest_straight_4, infiniplex_forest_lined_3,
          infiniplex_forest_straight_4, infiniplex_forest_end_2,
          nicolae_ecumenical_snake_handling
D:2:      layout_rooms, grunt_decor_resistance, uniq_robin

Skill      XL: |  1  2  3 |
---------------+----------+-----
Stealth        | 6 |  6.0
Fighting       | |  2.6
Short Blades   | |  0.7
Long Blades    | |  0.7
Axes           | |  0.7
Maces & Flails | |  0.7
Polearms       | |  0.7
Staves         | |  0.7
Slings         | |  0.7
Bows           | |  0.7
Crossbows      | |  0.7
Throwing       | |  0.7
Armour         | |  0.7
Dodging        | |  0.7
Shields        | |  0.7
Unarmed Combat | |  0.7
Spellcasting   | |  2.8
Conjurations   | |  0.5
Hexes          | |  0.5
Summonings     | |  0.5
Necromancy     | |  0.5
Translocations | |  0.5
Transmutations | |  0.5
Fire Magic     | |  0.5
Ice Magic      | |  8.7
Air Magic      | |  0.5
Earth Magic    | |  0.5
Poison Magic   | |  0.5
Invocations    | |  0.9
Evocations     | |  0.7

Action                   || total
-------------------------++-------
Melee: Dagger            ||    48
       Bite              ||     4
 Cast: Freeze            ||    21
 Stab: Sleeping          ||     8
       Distracted        ||     1
Armor: Robe              ||    12
Dodge: Dodged            ||    28
Block: Other             ||    15

Table legend: (Time is in decaauts)
 A = Elapsed time spent in this place.
 B = Non-inter-level travel time spent in this place.
 C = Inter-level travel time spent in this place.
 D = Time resting spent in this place.
 E = Time spent auto-exploring this place.
 F = Levels seen in this place.
 G = Mean time per level.
                   A        B        C        D        E       F      G
               +--------+--------+--------+--------+--------+-----+--------+
         Total |   1340 |   1245 |     95 |    103 |    931 |   2 |  670.0 |
       Dungeon |   1340 |   1245 |     95 |    103 |    931 |   2 |  670.0 |
               +--------+--------+--------+--------+--------+-----+--------+

Top non-repeatable levels by time:
     D:1: 1317 daAuts
     D:2: 22 daAuts
